 Dungeon Crawl Stone Soup version bcrawl-1.21 (webtiles) character file.

Game seed: 2608259445131902230

181 Mrkan the Cudgeler (level 5, -4/47 HPs)
             Began as a Minotaur Fighter on Feb 11, 2020.
             Slain by an orc priest
             ... wielding a +2 flail of protection
              (8 damage)
             ... on level 3 of the Dungeon.
             The game lasted 00:02:47 (2005 turns).

Mrkan the Cudgeler (Minotaur Fighter)               Turns: 2005, Time: 00:02:48

Health: -4/47      AC:  7    Str: 26    XL:     5   Next: 34%
Magic:  4/4        EV:  7    Int:  5    God:
Gold:   126        SH: 10    Dex: 10    Spells: 4/4 levels left

rFire    . . .     SeeInvis .   a - +0 flail
rCold    . . .     Gourm    .   c - +0 shield
rNeg     . . .     Faith    .   b - +0 scale mail
rPois    .         Spirit   .   (helmet restricted)
rElec    .         Reflect  .   (no cloak)
rCorr    .         Harm     .   (no gloves)
MR       .....                  (no boots)
Stlth    ..........             (no amulet)
HPRegen  0.15/turn              (no ring)
MPRegen  0.09/turn              (no ring)

@: mighty, lethally poisoned (-4 -> -5)
A: retaliatory headbutt, horns 2
a: no special abilities


You were on level 3 of the Dungeon.
You were not hungry.

You visited 1 branch of the dungeon, and saw 3 of its levels.

You collected 126 gold pieces.

Inventory:

Hand Weapons
 a - a +0 flail (weapon)
Armour
 b - a +0 scale mail (worn)
 c - a +0 shield (worn)
 m - a +0 chain mail
Scrolls
 f - 2 scrolls of enchant armour {unknown}
 h - a scroll of immolation {unknown}
 i - 2 scrolls of identify {unknown}
 j - 2 scrolls of enchant weapon {unknown}
 l - a scroll of fog {unknown}
 o - 2 scrolls of remove curse {unknown}
 p - a scroll of amnesia {unknown}
 s - a scroll of magic mapping {unknown}
Potions
 g - a potion of brilliance {unknown}
 k - a potion of agility {unknown}
 n - a potion of berserk rage {unknown}
 q - a potion of mutation {unknown}
Comestibles
 e - 7 rations {!d}
 r - a chunk of flesh


   Skills:
 + Level 4.6 Fighting
 * Level 4.7 Maces & Flails
 + Level 4.5 Armour
 + Level 4.5 Shields


You had 4 spell levels left.
You didn't know any spells.
Your spell library was empty.

Dungeon Overview and Level Annotations

Branches:
Dungeon (3/12)

Altars:
Zin


Innate Abilities, Weirdness & Mutations

You reflexively headbutt those who attack you in melee.
You have a pair of horns on your head.


Message History

You kill the orc wizard!
The orc priest invokes the aid of Beogh against you.
Beogh smites you!
* * * LOW HITPOINT WARNING * * *
You block the orc's attack.
Items here: % )) [ †† You hit the orc.
You headbutt the orc.
You kill the orc!
The orc priest calls down the wrath of Beogh upon you.
Pain shoots through your body!
* * * LOW HITPOINT WARNING * * *
You feel sick.
A kobold comes into view.
Things that are here:
a +0 falchion; a +0 leather armour; an orc corpse You block the orc priest's attack.
You are too injured to fight recklessly!
You feel very mighty all of a sudden.
The orc priest hits you with a +2 flail of protection!
You die...

...# #.#<.# #.#
.##########.###.######.#
.......................>
#.......##.###.#.####.#
#.......##%# #.#.# #.#
#.......##)# #.#.# #.#
#.......##[# #.#.# #.#
.#.......##.###.#.# #.#
.....Ko@))).....#.# #.#
.....######.#####.# #.#
... ..# #.# #.# .
.######## #.####.#
........# #.......
######.##########.#
#.......)....# #..
...####.#####.######
.#................


You could see an orc priest and a kobold.

Vanquished Creatures
  A crimson imp (D:3)
  An orc wizard (D:3)
  A worker ant (D:2)
  2 adders (D:3)
  A worm (D:2)
  A dart slug (D:1)
  6 leopard geckos
  4 orcs (D:3)
  3 giant cockroaches
  4 goblins
  4 hobgoblins
  10 jackals
  9 kobolds
  A quokka (D:2)
  A ball python (D:1)
  9 bats
  A frilled lizard (D:2)
  6 rats
65 creatures vanquished.

Notes
Turn   | Place    | Note
-------+----------+-------------------------------------------
     0 | D:1      | Mrkan the Minotaur Fighter began the quest for the Orb.
     0 | D:1      | Reached XP level 1. HP: 19/19 MP: 0/0
   151 | D:1      | Reached XP level 2. HP: 24/27 MP: 1/1
   740 | D:1      | Reached XP level 3. HP: 33/33 MP: 2/2
  1068 | D:2      | Reached XP level 4. HP: 39/40 MP: 3/3
  1279 | D:2      | Found a glowing silver altar of Zin.
  1908 | D:3      | Reached XP level 5. HP: 45/47 MP: 4/4
  2005 | D:3      | Slain by an orc priest

Skill      XL: |  1  2  3  4 |
---------------+-------------+-----
Maces & Flails | 3 4 |  4.7
Fighting       | 4 |  4.6
Shields        | 4 |  4.5
Armour         | 4 |  4.5

Action                   |  1- 3 |  4- 6 || total
-------------------------+-------+-------++-------
Melee: Flail             |    96 |    84 ||   180
       Headbutt          |    14 |     7 ||    21
  Use: Potion            |       |     1 ||     1
  Eat: Chunk             |     1 |     3 ||     4
Armor: Scale mail        |    69 |    35 ||   104
Dodge: Dodged            |    50 |    23 ||    73
Block: Shield            |    70 |    41 ||   111
